 Dungeon Crawl Stone Soup version 0.25.1-2-g60ff931df9 (webtiles) character file.

Game seed: 12247738488054570556

11 DogServant the Ruffian (level 2, 0/25 HPs)
             Began as a Naga Transmuter on Oct 18, 2020.
             Shot with a sling bullet by a hobgoblin (5 damage)
             ... on level 1 of the Dungeon.
             The game lasted 00:00:50 (324 turns).

DogServant the Ruffian (Naga Transmuter)             Turns: 324, Time: 00:00:51

Health: 0/25       AC:  1    Str: 12    XL:     2   Next: 29%
Magic:  5/5        EV: 10    Int: 13    God:
Gold:   23         SH:  0    Dex: 11    Spells: 4/5 levels left

rFire    . . .     SeeInvis +   c - +0 spear (flame)
rCold    . . .     Gourm    .   (no shield)
rNeg     . . .     Faith    .   b - +0 robe
rPois    +         Spirit   .   (no helmet)
rElec    .         Reflect  .   (no cloak)
rCorr    .         Harm     .   (no gloves)
MR       .....                  (no barding)
Stlth    +.........             (no amulet)
HPRegen  0.08/turn              (no ring)
MPRegen  0.09/turn              (no ring)

@: short of breath, very slow
A: large, see invisible, deformed body, poison resistance, slowness 2, slow
metabolism 1, spit poison 1, AC +0
a: Spit Poison


You were on level 1 of the Dungeon.
You were not hungry.

You visited 1 branch of the dungeon, and saw 1 of its levels.

You collected 23 gold pieces.

Inventory:

Hand Weapons
 c - a +0 spear of flaming (weapon)
Missiles
 a - 12 arrows
Armour
 b - a +0 robe (worn)
Scrolls
 e - a scroll of blinking {unknown}
Comestibles
 d - a ration
 f - 3 chunks of flesh


   Skills:
 - Level 1.0 Fighting
 - Level 1.5 Dodging
 + Level 3.5 Unarmed Combat
 - Level 2.0 Spellcasting
 - Level 2.2 Transmutations


You had 4 spell levels left.
You knew the following spells:

 Your Spells              Type           Power        Failure   Level  Hunger
a - Beastly Appendage     Tmut           #.....       10%         1    ##.....

Your spell library contained the following spells:

 Spells                   Type           Power        Failure   Level  Hunger
 Sticks to Snakes         Tmut           #.......     16%         2    ###....
 Spider Form              Tmut/Pois      #.........   43%         3    ####...
 Ice Form                 Ice/Tmut       #.......     85%         4    #####..
 Blade Hands              Tmut           #.........   95%         5    ######.


Dungeon Overview and Level Annotations

Branches:
Dungeon (1/15)

Altars:


Innate Abilities, Weirdness & Mutations

You cannot wear boots.
Your serpentine skin is tough. (AC +0)
You have supernaturally acute eyesight. (SInv)
Armour fits poorly on your strangely shaped body.
Your system is resistant to poisons. (rPois)
You cover ground very slowly.
You have a slow metabolism.
You can spit poison.


Message History

A hobgoblin comes into view. It is wielding a +0 club.
You see here a goblin skeleton.
A hobgoblin is nearby!
A hobgoblin is nearby!
The hobgoblin unwields a +0 club.
The hobgoblin wields a +0 hunting sling.
The hobgoblin shoots a sling bullet.
The sling bullet hits you.
You see here a sling bullet.
The hobgoblin shoots a sling bullet.
The sling bullet hits you.
The hobgoblin shoots a sling bullet.
The sling bullet hits you!
* * * LOW HITPOINT WARNING * * *
You see here 2 sling bullets.
You are too injured to fight recklessly!
Press: ? - help, Shift-Dir - straight line, f - hobgoblin
Aim: a hobgoblin, wielding a +0 hunting sling, wearing a +0 scale mail and quivering 12 sling bullets The splash of poison hits the hobgoblin.
The hobgoblin is heavily wounded.
You feel slightly more hungry.
The hobgoblin shoots a sling bullet.
The sling bullet hits you.
You die...

..# .. ##..#
###'###...# ..........#
# #.......# ####### #.
#g.....# #...... #..
#.....## #......
#...###....).# #......
#.....@.[..#.# #......
##.....(...#.## #####.#
#......(...#..#######>.
#.......÷..÷#..##......
#.........#.....÷......
#.........####.##......
#.........# #.##......
##...!...## #.##.^....
#......... #.##......


You could see a hobgoblin.

Vanquished Creatures
  An ooze (D:1)
  A goblin (D:1)
  2 hobgoblins (D:1)
  3 frilled lizards (D:1)
  A rat (D:1)
8 creatures vanquished.

Notes
Turn   | Place    | Note
-------+----------+-------------------------------------------
     0 | D:1      | DogServant the Naga Transmuter began the quest for the Orb.
     0 | D:1      | Reached XP level 1. HP: 18/18 MP: 3/3
     0 | D:1      | Noticed an ice dragon
     0 | D:1      | Noticed an ice dragon
     3 | D:1      | Noticed a tentacled monstrosity
     7 | D:1      | Noticed a shadow dragon
     8 | D:1      | Noticed a tentacled monstrosity
    10 | D:1      | Noticed an iron dragon
    12 | D:1      | Noticed a tentacled monstrosity
    13 | D:1      | Noticed a large abomination
    14 | D:1      | Noticed an orb of fire
    14 | D:1      | Noticed an ice dragon
    16 | D:1      | Noticed a large abomination
    16 | D:1      | Noticed an iron dragon
    16 | D:1      | Noticed an ice dragon
    18 | D:1      | Noticed a shadow dragon
    18 | D:1      | Noticed a white draconian
    20 | D:1      | Noticed a large abomination
   256 | D:1      | Reached XP level 2. HP: 25/25 MP: 5/5
   324 | D:1      | Shot with a sling bullet by a hobgoblin

Illustrated notes

Levels and vault maps discovered:
D:1:      shiori_arrival_whats_in_store_for_you, layout_rooms,
          dk_noncrumbling_2, minmay_box_of_dots

Action                   || total
-------------------------++-------
Melee: Unarmed           ||    10
       Headbutt          ||     2
       Spear             ||     3
 Cast: Beastly Appendage ||     5
 Abil: Spit Poison       ||     6
Armor: Robe              ||     2
Dodge: Dodged            ||     2
